 Dungeon Crawl Stone Soup version 0.31-a0-1074-g0b22e4e0f1 (webtiles) character file.

Game seed: 15556185256664586692

1577 Dittersdorf the Shield-Bearer (level 8, -10/52 HPs)
             Began as a Gargoyle Fighter on Nov 28, 2023.
             Mangled by a wight
             ... wielding a +0 long sword
              (11 damage)
             ... on level 6 of the Dungeon.
             The game lasted 00:05:41 (4641 turns).

Dittersdorf the Shield-Bearer (Gargoyle Fighter)    Turns: 4641, Time: 00:05:41

Health: -10/52     AC: 18    Str: 21    XL:     8   Next: 91%
Magic:  8/8        EV:  8    Int: 10    God:
Gold:   292        SH:  5    Dex:  9    Spells: 7/7 levels left

rFire   . . .        n - +3 flail (venom)
rCold   . . .        c - +0 buckler
rNeg    + . .        r - +0 chain mail
rPois   ∞            p - +0 helmet
rElec   +            (no cloak)
rCorr   .            h - +0 pair of gloves
SInv    .            (no boots)
Will    .....        (no amulet) Stlth
                     (no ring)
HPRegen 0.28/turn    (no ring)
MPRegen 0.11/turn

%: no passive effects
@: no status effects
A: sickness immunity, AC +5, negative energy resistance 1, electricity
resistance, torment resistance 1, petrification resistance
a: no special abilities


You were on level 6 of the Dungeon.
You visited 2 branches of the dungeon, and saw 7 of its levels.

You collected 292 gold pieces.

Inventory:

Hand Weapons
 n - a +3 flail of venom (weapon)
Missiles
 g - 5 curare-tipped darts (quivered)
Armour
 c - a +0 buckler (worn)
 h - a +0 pair of gloves (worn)
 p - a +0 helmet (worn)
 r - a +0 chain mail (worn)
Scrolls
 j - 4 scrolls of teleportation
 l - a scroll of blinking
Potions
 a - 3 potions of brilliance
 d - 2 potions of might
 e - 5 potions of curing
 f - a potion of ambrosia {unknown}
 i - 2 potions of heal wounds {unknown}
 k - a potion of degeneration {unknown}
 m - a potion of attraction {unknown}
 o - a potion of resistance


   Skills:
 + Level 6.8 Fighting
 + Level 5.7 Maces & Flails
 + Level 6.7 Armour
 + Level 6.8 Shields


You had 7 spell levels left.
You didn't know any spells.
Your spell library contained the following spells:

 Spells                   Type           Power      Damage    Failure   Level
 Apportation              Tloc           0%         N/A       95%         1
 Kiss of Death            Conj/Necr      0%         2d5       95%         1
 Magic Dart               Conj           0%         1d3       95%         1
 Necrotise                Necr           0%         1d4       95%         1
 Summon Small Mammal      Summ           0%         N/A       95%         1
 Searing Ray              Conj           0%         2d4       99%         2
 Confusing Touch          Hex            0%         N/A       100%        3
 Gell's Gravitas          Tloc           0%         N/A       100%        3
 Teleport Other           Tloc           0%         N/A       100%        3
 Vampiric Draining        Necr           0%         2d6       100%        3
 Dispel Undead            Necr           0%         3d6       100%        4
 Fulminant Prism          Conj/Hex       0%         3d5       100%        4
 Agony                    Necr           0%         N/A       100%        5
 Dispersal                Tloc           0%         N/A       100%        6


Dungeon Overview and Level Annotations

Branches:
Dungeon (6/15)             Temple (1/1) D:4

Altars:
Ashenzari
Cheibriados
Elyvilon
Fedhas
Hepliaklqana
Kikubaaqudgha
Makhleb
Sif Muna
Trog
Wu Jian
Xom
Yredelemnul
Zin
The Shining One

Annotations:
D:5 1 runed translucent door, sigtrap's ghost, novice KoBr


Innate Abilities, Weirdness & Mutations

You are immune to sickness and miasma.
Your stone body is resilient. (AC +5)
You are immune to poison.
You resist negative energy. (rN+)
You are resistant to electric shocks. (rElec)
You are resistant to unholy torment.
You are immune to petrification.


Message History

The wight hits you with a +1 war axe of venom!
The wight hits you but does no damage.
You sock the wight!
The wight is almost destroyed.
The wight barely misses you. The wight hits you but does no damage.
You sock the wight!
You destroy the wight!
The wight closely misses you. The wight hits you but does no damage.
Things that are here:
a +1 war axe of venom; a +0 robe The wight hits you with a +2 spear of freezing.
The wight freezes you.
You closely miss the wight. You block the wight's attack.
The wight hits you with a +2 spear of freezing.
* * * LOW HITPOINT WARNING * * *
The wight freezes you.
* * * LOW HITPOINT WARNING * * *
You barely miss the wight. You block the wight's attack.
The wight hits you but does no damage.
You hit the wight.
The wight is moderately damaged.
The wight hits you but does no damage. The wight barely misses you. x2
You closely miss the wight.
The wight is moderately damaged.
The wight hits you with a +2 spear of freezing.
* * * LOW HITPOINT WARNING * * *
The wight freezes you.
* * * LOW HITPOINT WARNING * * *
The wight hits you with a +0 long sword.
* * * LOW HITPOINT WARNING * * *
The wight hits you with a +2 spear of freezing.
* * * LOW HITPOINT WARNING * * *
The wight freezes you.
* * * LOW HITPOINT WARNING * * *
You hit the wight.
The wight is moderately damaged.
The wight hits you with a +0 long sword!
You die...

## ####...#
#......####
#....)....#
#.#....##.#
.......##.#
#....##z#
#...z@.#
#....###
#....#
#....#
###..#
###.##
#...# .####
#)###
....###.#


You could see 2 wights.

Vanquished Creatures
  Maggie (D:6)
  Grinder (D:4)
  A water moccasin (D:4)
  Pargi (D:3)
  An ogre (D:5)
  Blork the orc (D:4)
  2 wights (D:6)
  3 hounds
  A jelly (D:5)
  6 orc wizards
  Ijyb (D:4)
  3 iguanas (D:5)
  Terence (D:2)
  Robin (D:4)
  6 adders
  4 gnolls (D:5)
  2 white imps
  An ufetubus (D:5)
  4 worms
  A dart slug (D:2)
  13 orcs
  4 bats (D:1)
  4 endoplasms
  3 giant cockroaches
  16 goblins
  5 hobgoblins
  6 jackals
  3 quokkas
  4 ball pythons
  3 frilled lizards
  9 kobolds
  9 rats
121 creatures vanquished.

Vanquished Creatures (collateral kills)
  An ufetubus (D:5)
1 creature vanquished.

Grand Total: 122 creatures vanquished

Notes
Turn   | Place    | Note
-------+----------+-------------------------------------------
     0 | D:1      | Dittersdorf the Gargoyle Fighter began the quest for the
                  | Orb.
     0 | D:1      | Reached XP level 1. HP: 14/14 MP: 1/1
    78 | D:1      | Reached XP level 2. HP: 18/19 MP: 2/2
   516 | D:1      | Reached XP level 3. HP: 24/24 MP: 3/3
  1027 | D:2      | Identified the +5 short sword of Dissolution {holy, Fly rF+
                  | Dex+5}
  1230 | D:2      | Noticed Terence
  1239 | D:2      | Killed Terence
  1240 | D:2      | Reached XP level 4. HP: 12/29 MP: 4/4
  1405 | D:2      | Found a faded altar of an unknown god.
  1821 | D:3      | Noticed Pargi
  1838 | D:3      | Killed Pargi
  1839 | D:3      | Reached XP level 5. HP: 16/34 MP: 5/5
  1917 | D:3      | Found a hazy altar of Hepliaklqana.
  1970 | D:3      | Reached XP level 6. HP: 34/39 MP: 6/6
  2061 | D:3      | Found a bloodstained altar of Trog.
  2065 | D:3      | Found a shimmering blue altar of Sif Muna.
  2536 | D:4      | Noticed a water moccasin
  2545 | D:4      | Killed a water moccasin
  2546 | D:4      | Reached skill level 5 in Fighting
  2546 | D:4      | Reached skill level 5 in Armour
  2546 | D:4      | Reached skill level 5 in Shields
  2585 | D:4      | Reached XP level 7. HP: 41/44 MP: 7/7
  2653 | D:4      | Noticed Robin
  2676 | D:4      | Killed Robin
  2742 | D:4      | Noticed Blork the orc
  2750 | D:4      | Killed Blork the orc
  2755 | D:4      | Found a staircase to the Ecumenical Temple.
  2811 | Temple   | Entered the Ecumenical Temple
  3125 | D:4      | Noticed Ijyb
  3132 | D:4      | Killed Ijyb
  3157 | D:4      | Noticed Grinder
  3168 | D:4      | Found a blossoming altar of Fedhas.
  3180 | D:4      | Paralysed by Grinder for 4 turns
  3188 | D:4      | Killed Grinder
  3435 | D:5      | Entered Level 5 of the Dungeon
  3688 | D:5      | Reached XP level 8. HP: 47/51 MP: 8/8
  3849 | D:5      | Reached skill level 5 in Maces & Flails
  4298 | D:5      | Found a runed translucent door.
  4303 | D:5      | Noticed sigtrap's ghost (novice KoBr)
  4304 | D:5      | Noticed a shadow
  4543 | D:6      | Noticed Maggie
  4555 | D:6      | Killed Maggie
  4640 | D:6      | HP: 2/52 [wight/+2 spear of freezing (1)]
  4641 | D:6      | Mangled by a wight

Illustrated notes

Levels and vault maps discovered:
D:1:      spicycebolla_arrival_clurvy, layout_basic
D:2:      layout_basic, chequers_ecumenical_altar_simple_redux,
          chequers_serial_rivers_micro_a, uniq_terence
D:3:      layout_basic, lemuel_crystal_altar,
          hellmonk_overflow_destroyed_library, uniq_pargi
D:4:      layout_loops_ring, lemuel_round_altar, minmay_temple_entry_tees,
          uniq_grinder, uniq_ijyb, uniq_robin, uniq_blork_the_orc
D:5:      layout_basic, ebering_ghost_inner_flame
D:6:      layout_rooms, nicolae_gozag_cash_rules_everything_around_me,
          gup_sewer_entry_spiral, serial_library_hellmonk_filled_rooms,
          uniq_maggie
Temple:   nicolae_temple_bog_church

Skill      XL: |  1  2  3  4  5  6  7  8 |
---------------+-------------------------+-----
Fighting       | 4 5 6 |  6.8
Shields        | 4 5 6 |  6.8
Armour         | 4 5 6 |  6.7
Maces & Flails | 3 4 5 |  5.7

Action                     |  1- 3 |  4- 6 |  7- 9 || total
---------------------------+-------+-------+-------++-------
  Melee: Flail             |   146 |   100 |   215 ||   461
  Throw: Dart              |     1 |     1 |     2 ||     4
    Use: Scroll            |     1 |     3 |     8 ||    12
 Armour: Scale mail        |   138 |    95 |    90 ||   323
         Chain mail        |       |       |    94 ||    94
  Dodge: Dodged            |    83 |    46 |    99 ||   228
  Block: Buckler           |    30 |    22 |    58 ||   110

Table legend: (Time is in decaauts)
 A = Elapsed time spent in this place.
 B = Non-inter-level travel time spent in this place.
 C = Inter-level travel time spent in this place.
 D = Time resting spent in this place.
 E = Time spent auto-exploring this place.
 F = Levels seen in this place.
 G = Mean time per level.
                   A        B        C        D        E       F      G
               +--------+--------+--------+--------+--------+-----+--------+
         Total |   4757 |   4581 |    176 |    457 |   3027 |   7 |  679.6 |
       Dungeon |   4753 |   4577 |    176 |    457 |   3027 |   6 |  792.2 |
        Temple |      3 |      3 |      0 |      0 |      0 |   1 |    3.0 |
               +--------+--------+--------+--------+--------+-----+--------+

Top non-repeatable levels by time:
     D:5: 1081 daAuts
     D:4: 1033 daAuts
     D:1: 885 daAuts
     D:2: 877 daAuts
     D:3: 746 daAuts
     D:6: 129 daAuts
  Temple: 3 daAuts
